 Dungeon Crawl Stone Soup version 0.31-a0-188-g5e087ee2ca (webtiles) character file.

Game seed: 7687399150351266537

31 qw the Shooter (level 3, 0/20 HPs)
             Began as a Deep Elf Hunter on June 23, 2023.
             Succumbed to an adder's poison
             ... on level 2 of the Dungeon.
             The game lasted 00:00:21 (794 turns).

qw the Shooter (Deep Elf Hunter)                     Turns: 794, Time: 00:00:21

Health: 0/20       AC:  3    Str: 10    XL:     3   Next: 7%
Magic:  5/5        EV: 12    Int: 13    God:
Gold:   48         SH:  0    Dex: 18    Spells: 2/2 levels left

rFire   + . .        Y - +0 shortbow
rCold   . . .        (shield currently unavailable)
rNeg    . . .        d - +0 leather armour {rF+}
rPois   .            (no helmet)
rElec   .            (no cloak)
rCorr   .            (no gloves)
SInv    .            (no boots)
Will    .....        (no amulet)
Stlth   ++           (no ring)
HPRegen 0.23/turn    (no ring)
MPRegen 0.09/turn

%: no passive effects
@: lethally poisoned (0 -> 0)
A: no striking features
a: no special abilities


You were on level 2 of the Dungeon.
You visited 1 branch of the dungeon, and saw 2 of its levels.

You collected 48 gold pieces.


   Skills:
 - Level 1.5 Fighting
 + Level 6.7 Ranged Weapons
 - Level 2.4 Dodging
 - Level 1.2 Stealth


You had 2 spell levels left.
You didn't know any spells.
Your spell library was empty.

Inventory:

Hand Weapons
 Y - a +0 shortbow (weapon)
Armour
 a - a +0 pair of boots
 d - a +0 leather armour of fire resistance (worn)
Scrolls
 b - a scroll of identify {unknown}
Potions
 c - a potion of curing {unknown}

Dungeon Overview and Level Annotations

Branches:
Dungeon (2/15)

Altars:


Message History

You shoot an arrow. The arrow barely misses the adder.
You shoot an arrow. The arrow hits the adder.
The adder is heavily wounded.
You shoot an arrow. The arrow closely misses the adder.
The adder bites you. The adder bites you but does no damage.
You shoot an arrow. The arrow closely misses the adder.
The adder bites you.
You are poisoned.
The adder poisons you!
You shoot an arrow. The arrow completely misses the adder.
You feel sick. The adder barely misses you. The adder closely misses you.
You shoot an arrow. The arrow closely misses the adder.
You feel sick. The adder barely misses you.
An adder comes into view.
You shoot an arrow. The adder hisses angrily.
The arrow hits the adder.
The adder is almost dead.
You feel sick. The adder misses you. The adder bites you.
You shoot an arrow. The arrow hits the adder.
You kill the adder!
You feel sick.
You have reached level 3!
Your experience leads to an increase in your attributes!
Increase (S)trength, (I)ntelligence, or (D)exterity?
You feel stronger. x2
You shoot an arrow. The arrow hits the adder.
The adder is moderately wounded.
You feel sick.
You are no longer poisoned.
You shoot an arrow. The arrow closely misses the adder.
The adder bites you.
You are poisoned.
The adder poisons you!
You shoot an arrow. The arrow misses the adder.
You feel sick. The adder bites you.
You shoot an arrow. The arrow barely misses the adder.
You feel sick. The adder barely misses you. The adder bites you.
You shoot an arrow. The arrow closely misses the adder.
You die...

+.#..<#....#+#. #..... .
#...##...# #.#........
..###...#....# .....#.#...
............##.#.##.#...##
......#........# . ###.#
...........######## ###
#####....###~~~~#
#.#.###~~~~~~
#.#.%@.~~....
#.#...S~..... #
#..~....~~. #..~..~~..~
#...~~.%..~ .......}~~.
#......~~}.. ##....~....~


You could see an adder.

Vanquished Creatures
  An adder (D:2)
  3 endoplasms (D:1)
  A giant cockroach (D:1)
  A goblin (D:1)
  3 hobgoblins (D:1)
  2 quokkas (D:2)
  4 bats
  A frilled lizard (D:1)
  A kobold (D:2)
  3 rats
20 creatures vanquished.

Notes
Turn   | Place    | Note
-------+----------+-------------------------------------------
     0 | D:1      | qw the Deep Elf Hunter began the quest for the Orb.
     0 | D:1      | Reached XP level 1. HP: 12/12 MP: 3/3
     0 | D:1      | 0 ||| qw: Version: 0.3-a-9-g12657ce
     0 | D:1      | 0 ||| qw: Game counter: 3258
     0 | D:1      | 0 ||| qw: Always use a shield: true
     0 | D:1      | 0 ||| qw: God list: Okawaru
     0 | D:1      | 0 ||| qw: Allow faded altars: false
     0 | D:1      | 0 ||| qw: Do Orc after D:15 true
     0 | D:1      | 0 ||| qw: Do second Lair branch before Depths: true
     0 | D:1      | 0 ||| qw: Lair rune preference: random
     0 | D:1      | 0 ||| qw: Plans: Normal
     0 | D:1      | 0 ||| PLANNING D:1-11
   221 | D:1      | 221 ||| UPGRADING to +0 leather armour of fire resistance.
   232 | D:1      | Reached XP level 2. HP: 16/16 MP: 4/4
   232 | D:1      | 232 ||| DROPPING +0 leather armour.
   277 | D:1      | Reached skill level 6 in Ranged Weapons
   678 | D:1      | 678 ||| DROPPING ring of magical power.
   679 | D:1      | 679 ||| READING scroll labelled EWENUH NAUFFAM.
   680 | D:1      | 680 ||| READING scroll labelled TOXIAF IRPHIERA.
   681 | D:1      | 681 ||| DROPPING scroll of butterflies.
   790 | D:2      | Reached XP level 3. HP: 8/20 MP: 5/5
   792 | D:2      | HP: 5/20 [poisoned by an adder]
   793 | D:2      | HP: 2/20 [poisoned by an adder]
   794 | D:2      | Succumbed to an adder's poison

Levels and vault maps discovered:
D:1:      roderic_crop_circles_arrival_large, layout_loops_ring
D:2:      cheibrodos_helix_gallery, layout_basic,
          dreamdust_ecumenical_altar_grove, serial_park_tiny_1

Skill      XL: |  1  2 |
---------------+-------+-----
Ranged Weapons | 6 |  6.7
Fighting       | |  1.5
Dodging        | |  2.4
Stealth        | |  1.2

Action                     || total
---------------------------++-------
   Fire: Shortbow          ||    58
    Use: Scroll            ||     2
 Armour: Leather armour    ||     6
  Dodge: Dodged            ||    15

Table legend:
 A = Non-vault XP
 B = Vault XP
 C = Vault XP percentage of total XP
 D = Non-vault monster count
 E = Vault monster count
 F = Vault count percentage of total count
                 A         B        C        D         E       F
            +---------+---------+-------+---------+---------+-------
      Total |      43 |       2 |   4.4 |      19 |       1 |   5.0
            +---------+---------+-------+---------+---------+-------
        D:1 |      22 |       0 |   0.0 |      13 |       0 |   0.0
        D:2 |      21 |       2 |   8.7 |       6 |       1 |  14.3
            +---------+---------+-------+---------+---------+-------
